Cogmind - Beta 12 @@@ ROGUE MODE // 2023.07.07 @ 23:51:36 Player: LustLizard Result: Self-destructed Performance ------------- Evolutions (6) 3000 Regions Visited (12) 2400 Robots Destroyed (127) 635 Value Destroyed (4331) 4331 Prototype IDs (9) 180 Alien Tech Used (0) 0 Bonus (549) 549 TOTAL SCORE: 11095 Bonus ------- High Alert Combat Kills 90 Follower Combat Kills 552 Entered DSFs 500 Friendly Fire -593 Cogmind --------- Core Integrity 1018/1150 Matter 99/300 Energy 702/702 System Corruption 0% Temperature Cool (0) Movement Hovering (108) Ox1 Location -4/Factory Parts ------- > --- POWER (2) -------- Neutrino-Fission Core > --- PROPULSION (5) --- Hovering Antigrav-Carbon Exoskeleton > --- UTILITY (9) ------ Armored Scrap Engine Advanced Heat Sink Large Storage Unit Advanced Signal Interpreter Target Analyzer > --- WEAPON (3) ------- (None) > --- INVENTORY (15) --- Improved Heat Sink Advanced Heat Sink Advanced Heat Sink Advanced Cooling System Advanced Cooling System Improved Coolant Injector Large Storage Unit Improved Sensor Array Advanced Terrain Scanner Particle Charger Quantum Capacitor Improved Weapon Cycler Phase Shifter Peak State ------------ > --- POWER ------------ Neutrino-Fission Core > --- PROPULSION ------- Hovering Antigrav-Carbon Exoskeleton > --- UTILITY ---------- Armored Scrap Engine Advanced Heat Sink Large Storage Unit Advanced Sensor Array Advanced Signal Interpreter Improved Terrain Scanner Target Analyzer Improved Particle Charger > --- WEAPON ----------- Hypervelocity Gauss Cannon Hyp. Accelerated Caster Construct/G > --- INVENTORY -------- Improved Heat Sink Advanced Heat Sink Advanced Heat Sink Advanced Cooling System Advanced Cooling System Improved Coolant Injector Large Storage Unit Improved Sensor Array Advanced Terrain Scanner Particle Charger Quantum Capacitor Improved Weapon Cycler Phase Shifter Rocket Launcher [Rating: 91] Favorites ----------- Power Constructs Engine Ion Engine Power Core Constructs Propulsion Light Treads Treads Light Treads Leg Improved Titanium Leg Wheel Compact Wheel Hover Unit Constructs Utility Large Storage Unit Device Advanced Heat Sink Storage Large Storage Unit Processor Target Analyzer Protection Medium Armor Plating Weapon Precision Beam Rifle Energy Gun Precision Beam Rifle Energy Cannon Plasma Cannon Ballistic Gun Assault Rifle Ballistic Cannon Light Cannon Launcher Grenade Launcher Build | -11 -10 -10 -9 -9 -8 -8 -8 -6 -6 -5 -5 -4 ------- Run | Jun Mat Min Mat Min Mat Sto Rec Fac DSF Fac Ext Fac Slots Evolved 12 | . . . 2 . 2 . . 4 . 2 . 2 Power 1 | . . . . . . . . 1 . . . . Propulsion 3 | . . . . . 1 . . 1 . 1 . . Utility 7 | . . . 2 . 1 . . 1 . 1 . 2 Weapon 1 | . . . . . . . . 1 . . . . Parts Attached 102 | 6 7 5 18 6 19 5 6 2 3 12 5 8 Power 10 | 1 2 1 2 . 1 1 . . 1 1 . . Engine 8 | 1 2 1 2 . 1 1 . . . . . . Core 2 | . . . . . . . . . 1 1 . . Reactor . | . . . . . . . . . . . . . Propulsion 23 | 2 1 . 3 3 7 . 2 . . 4 1 . Treads 6 | 1 1 . 2 2 . . . . . . . . Leg 14 | . . . . . 7 . 2 . . 4 1 . Wheel 3 | 1 . . 1 1 . . . . . . . . Hover . | . . . . . . . . . . . . . Flight . | . . . . . . . . . . . . . Utility 39 | 1 3 . 5 3 6 2 1 1 2 5 3 7 Device 22 | . . . 1 2 3 1 1 1 2 3 2 6 Storage 3 | 1 1 . 1 . . . . . . . . . Processor 6 | . 1 . 1 . 1 . . . . 1 1 1 Hackware . | . . . . . . . . . . . . . Protection 8 | . 1 . 2 1 2 1 . . . 1 . . Artifact . | . . . . . . . . . . . . . Weapon 30 | 2 1 4 8 . 5 2 3 1 . 2 1 1 Energy Gun 11 | . . . 4 . 4 1 2 . . . . . Energy Cannon 1 | . . . . . . . . 1 . . . . Ballistic Gun 3 | 2 . . . . . 1 . . . . . . Ballistic Cannon 8 | . 1 2 2 . . . 1 . . 1 1 . Launcher 7 | . . 2 2 . 1 . . . . 1 . 1 Special Weapon . | . . . . . . . . . . . . . Impact Weapon . | . . . . . . . . . . . . . Slashing Weapon . | . . . . . . . . . . . . . Piercing Weapon . | . . . . . . . . . . . . . Special Melee Weapon . | . . . . . . . . . . . . . Unidentified Prototypes 5 | . . . 1 . 1 1 . . . . . 2 Parts Lost 24 | . . . . 1 . . . . 3 6 8 6 Power 3 | . . . . . . . . . 1 . 2 . Propulsion 6 | . . . . 1 . . . . 1 2 2 . Utility 8 | . . . . . . . . . 1 3 1 3 Weapon 7 | . . . . . . . . . . 1 3 3 Highest Loss Streak 6 | . . . . 1 . . . . 2 4 6 4 To Critical Strikes . | . . . . . . . . . . . . . Average Slot Usage (%) 88 | . 97 100 98 99 99 97 81 73 67 65 63 61 Engine 8 | . 14 14 11 11 9 7 5 . . 3 1 . Core 1 | . . . . . . . 3 6 7 3 3 5 Treads 6 | . 14 14 11 11 . . . . . . . 1 Leg 9 | . . . . . 25 27 26 20 17 9 11 1 Wheel 6 | . 14 14 11 10 . . . . . . . . Device 13 | . . . 5 21 18 18 18 20 20 22 18 24 Storage 9 | . 14 14 11 11 9 9 9 6 6 5 5 5 Processor 8 | . 6 14 11 11 7 9 9 6 1 4 9 10 Protection 4 | . 5 . 15 . 10 7 . . . . . . Energy Gun 8 | . . . 11 22 17 18 9 6 6 4 1 . Ballistic Gun 3 | . 14 14 . . . . . . . . 1 3 Ballistic Cannon 5 | . 13 10 10 . . . 1 . . 6 6 5 Naked Turns . | . . . . . . . . . . . . . Heaviest Build 66 | 11 31 30 41 39 55 49 39 45 48 56 66 65 Greatest Support 97 | 16 20 20 20 40 58 58 60 55 55 97 76 45 Greatest Overweight (x) 4 | . 1 1 3 3 4 . . . 1 1 2 2 Average Overweight (x) 1 | . . 1 2 2 . . . . . . . 1 Largest Inventory Capacity 15 | 8 15 15 15 15 15 15 15 15 15 15 15 15 Average Capacity 14 | 6 13 15 15 15 15 15 15 15 15 15 15 15 Most Carried 15 | 6 13 15 15 15 15 15 15 14 15 15 15 15 Average Carried 14 | 4 10 13 14 14 14 14 14 13 14 14 14 13 Final Capacity 15 | 8 15 15 15 15 15 15 15 15 15 15 15 15 Final Carried 15 | 6 13 15 15 15 15 15 15 14 15 15 14 14 Scrap Engine Consumption 102 | . . . . . . . 21 1 13 27 34 6 Constructs Created 8 | . . . . . . . 3 . . 3 2 . Constructs Modified 37 | . . . . . . . 3 2 . 16 9 7 Class Distribution -------------------- 59% | Mutant 24% | Scavenger-Mutant 4% | Scavenger-Skirmisher 4% | Construct 3% | Commander-Mutant 3% | Scavenger-Construct Dominant Class ---------------- Mutant | -10/Materials Mutant | -10/Mines Mutant | -9/Materials Scavenger-Mutant | -9/Mines Scavenger-Mutant | -8/Materials Scavenger-Mutant | -8/Storage Mutant | -8/Recycling Commander-Mutant | -6/Factory Mutant | -6/DSF Mutant | -5/Factory Scavenger-Construct | -5/Extension Scavenger-Skirmisher | -4/Factory Resources | -11 -10 -10 -9 -9 -8 -8 -8 -6 -6 -5 -5 -4 ----------- Run | Jun Mat Min Mat Min Mat Sto Rec Fac DSF Fac Ext Fac Matter Collected 2800 | 225 219 212 352 84 223 . 110 . 51 299 634 391 Remotely . | . . . . . . . . . . . . . Salvage Created 5253 | . 362 155 531 130 812 70 341 . 389 729 1213 521 Parts 249 | . 25 14 39 7 30 7 10 . 18 38 33 28 Haulers Intercepted . | . . . . . . . . . . . . . Recyclers Shooed 6 | . . 1 . . 1 . 1 . . 1 . 2 Parts Field Recycled . | . . . . . . . . . . . . . Retrieved Matter . | . . . . . . . . . . . . . Parts Self-Destructed . | . . . . . . . . . . . . . Prevented . | . . . . . . . . . . . . . Kills | -11 -10 -10 -9 -9 -8 -8 -8 -6 -6 -5 -5 -4 ------- Run | Jun Mat Min Mat Min Mat Sto Rec Fac DSF Fac Ext Fac Combat Hostiles Destroyed 99 | . 7 10 18 9 15 1 5 . 6 16 10 2 Guns 46 | . 4 . 6 9 13 1 5 . 3 3 2 . Cannons 31 | . 3 2 6 . . . . . 2 9 8 1 AOE 21 | . . 8 6 . 2 . . . . 4 . 1 Classes Destroyed 13 | . 3 2 2 2 . 1 1 . 1 1 . . Worker 5 | . . 1 1 . 2 . . . . 1 . . Builder 5 | . . . . . . 1 . . . . 1 3 Tunneler 2 | . . . . 1 . . . . . . . 1 Recycler 10 | . 1 . . . 1 . 1 . . . 4 3 Watcher 8 | . 2 . 1 . 3 . . . . . 1 1 Swarmer 28 | . . 7 8 4 3 . . . . 6 . . Grunt 38 | . 7 3 6 . 10 1 . . 2 3 6 . Duelist 4 | . . . 1 . 1 . 1 . . . 1 . Sentry 13 | . . . 4 . 1 . 3 . 1 2 2 . Specialist 3 | . . . . . . . . . 2 . . 1 Hunter 2 | . . . . . . . . . . 1 . 1 Programmer 7 | . . . . . . . 1 . 1 4 1 . Assembled 5 | . . . . 5 . . . . . . . . Thug 2 | . . . . . . . . . . . 1 1 Best Kill Streak 7 | . 2 3 4 2 5 2 2 . 4 4 5 7 Combat Bots Only 4 | . 2 3 4 2 3 1 2 . 4 4 2 1 Max Kills in Single Turn 3 | . 1 3 3 1 2 1 1 . 1 3 1 2 Gunslinging . | . . . . . . . . . . . . . Exploded 3 | . . 3 2 . 2 . . . . 3 . 1 Melee . | . . . . . . . . . . . . . Uniques/NPCs Destroyed . | . . . . . . . . . . . . . Combat | -11 -10 -10 -9 -9 -8 -8 -8 -6 -6 -5 -5 -4 -------- Run | Jun Mat Min Mat Min Mat Sto Rec Fac DSF Fac Ext Fac Damage Taken 6777 | . 150 132 385 128 622 63 369 . 511 1064 2301 1052 Core 1058 | . 10 23 39 29 93 18 50 . 64 141 459 132 Absorbed by Shields 14 | . . . . . . . . . 14 . . . Redirected to Shielding 6 | . . . 6 . . . . . . . . . Regen/Repaired (Parts) 913 | . . . . . 110 140 16 . . 317 330 . Core Remaining (%) 78 | 100 . 86 . 83 . . 70 . 92 . 40 . Volleys Fired 347 | . 24 12 35 20 46 6 28 . 14 55 68 39 Largest 3 | . 2 2 2 2 2 2 2 . 2 3 3 2 Hottest 183 | . 55 55 122 122 124 116 136 . 130 164 183 122 Shots Fired 618 | . 48 18 66 39 89 12 35 . 28 92 123 68 Gun 332 | . 24 6 28 39 86 12 35 . 14 11 49 28 Cannon 260 | . 24 5 34 . . . . . 14 79 74 30 Launcher 26 | . . 7 4 . 3 . . . . 2 . 10 Special . | . . . . . . . . . . . . . Kinetic 281 | . 48 11 36 . . . . . . 39 89 58 Thermal 311 | . . . 26 39 86 12 35 . 28 51 34 . Explosive 26 | . . 7 4 . 3 . . . . 2 . 10 Electromagnetic . | . . . . . . . . . . . . . Robot Hit Streak 24 | . 12 4 22 24 14 2 13 . 18 16 9 4 Robot Miss Streak 7 | . 2 2 6 2 6 3 2 . 3 5 7 7 Penetration Max 1 | . . . . . . . . . . 1 1 1 Secondary Targets 5 | . . . 1 . 4 . . . . . . . Max Gunslinging Chain 1 | . . . 1 . 1 . . . . . . . Shots Hit Robots 369 | . 33 8 42 25 54 6 30 . 19 59 68 25 Core Hits 208 | . 16 14 25 13 35 3 10 . 9 28 33 22 Critical Kills 21 | . . . . . . . . . 1 2 12 6 Critical Parts Destroyed 22 | . . . . . . . . . . 1 17 4 Critical Strikes 67 | . . 1 4 3 5 3 3 . 2 4 32 10 Burn 19 | . . . 2 3 5 3 3 . 1 1 1 . Meltdown 1 | . . . . . . . . . 1 . . . Destroy 44 | . . . . . . . . . . 3 31 10 Blast 3 | . . 1 2 . . . . . . . . . Melee Attacks . | . . . . . . . . . . . . . Impact . | . . . . . . . . . . . . . Slashing . | . . . . . . . . . . . . . Piercing . | . . . . . . . . . . . . . Sneak Attacks . | . . . . . . . . . . . . . Combat Hostiles . | . . . . . . . . . . . . . Follow-up Attacks . | . . . . . . . . . . . . . Damage Inflicted 9870 | . 519 622 1179 436 1321 149 563 . 465 1772 1897 947 Guns 4186 | . 239 38 414 436 1046 149 563 . 179 153 713 256 Cannons 3507 | . 280 71 409 . . . . . 286 1374 885 202 Explosions 2170 | . . 506 356 . 275 . . . . 245 299 489 Melee . | . . . . . . . . . . . . . Ramming 7 | . . 7 . . . . . . . . . . Kinetic 3152 | . 519 109 420 . . . . . . 613 1033 458 Thermal 4963 | . . 123 403 436 1046 149 563 . 465 914 864 . Explosive 1748 | . . 383 356 . 275 . . . . 245 . 489 Electromagnetic . | . . . . . . . . . . . . . Impact . | . . . . . . . . . . . . . Slashing . | . . . . . . . . . . . . . Piercing . | . . . . . . . . . . . . . Highest Corruption 9 | . . . 1 1 . . . . 1 6 9 . Average Corruption 3 | . . . 1 1 . . . . 1 4 7 . Corruption Purged . | . . . . . . . . . . . . . Corruption Blocked . | . . . . . . . . . . . . . Effects 53 | . . . 1 9 . . . . . 17 26 . Message Errors 12 | . . . . 3 . . . . . 3 6 . Matter Fused 12 | . . . 1 1 . . . . . 4 6 . Heat Flow Errors 4 | . . . . 4 . . . . . . . . Energy Discharges 6 | . . . . . . . . . . 1 5 . Parts Rejected 2 | . . . . . . . . . . 1 1 . Data Loss (minor) 4 | . . . . . . . . . . 2 2 . Data Loss (major) 5 | . . . . . . . . . . 3 2 . Misfires 2 | . . . . . . . . . . . 2 . Weapon Failures 6 | . . . . 1 . . . . . 3 2 . Overload Shots . | . . . . . . . . . . . . . Overflow Damage 151 | . . 33 52 . . . . . . 59 . 7 Projectiles 53 | . . . . . . . . . . 53 . . Explosions 98 | . . 33 52 . . . . . . 6 . 7 Melee . | . . . . . . . . . . . . . Knockbacks 29 | . 4 . 6 . . . . . . 8 8 3 Impact . | . . . . . . . . . . . . . Kinetic 28 | . 4 . 6 . . . . . . 7 8 3 Secondary 1 | . . . . . . . . . . 1 . . Self-Inflicted Damage 179 | . . 3 12 . . . . . . 38 70 56 Shots 5 | . . . 1 . . . . . . 1 1 2 Rammed 1 | . . 1 . . . . . . . . . . Targets Rammed 1 | . . 1 . . . . . . . . . . Kicked . | . . . . . . . . . . . . . Crushed . | . . . . . . . . . . . . . Highest Temperature 396 | . 11 17 162 167 108 48 396 . . 158 103 52 Average Temperature 47 | . 5 9 50 34 35 19 126 . . 49 28 19 Received Heat Transfer 1416 | . 84 45 129 . 216 36 126 . 120 99 561 . Effects 2 | . . . . . . . 2 . . . . . Energy Bleed 1 | . . . . . . . 1 . . . . . Short Circuit 1 | . . . . . . . 1 . . . . . Siege Activations . | . . . . . . . . . . . . . Robots Corrupted . | . . . . . . . . . . . . . Combat Hostiles . | . . . . . . . . . . . . . Parts Fried . | . . . . . . . . . . . . . Impact Corruptions . | . . . . . . . . . . . . . Robots Melted 1 | . . . . . . . . . 1 . . . Combat Hostiles 1 | . . . . . . . . . 1 . . . Parts Melted 28 | . . . 5 3 8 1 4 . 1 6 . . Heat Transferred 10255 | . . 150 999 1147 2442 518 1332 . 957 1609 1101 . Parts Sabotaged . | . . . . . . . . . . . . . Parts Stolen . | . . . . . . . . . . . . . Parts Stripped . | . . . . . . . . . . . . . Power Chain Reactions . | . . . . . . . . . . . . . Missiles Intercepted . | . . . . . . . . . . . . . Alert | -11 -10 -10 -9 -9 -8 -8 -8 -6 -6 -5 -5 -4 ------- Run | Jun Mat Min Mat Min Mat Sto Rec Fac DSF Fac Ext Fac Peak Influence 643 | . 158 424 339 225 254 76 83 . 95 415 643 505 Initial 251 | . . 7 76 90 1 48 29 . . 49 174 251 Average 154 | . 68 251 147 69 110 64 22 . 48 186 449 328 Maximum Alert Level 2 | . . 2 1 1 1 . . . . 2 2 2 Low Security (%) 66 | 100 100 22 66 80 85 100 100 100 100 60 7 . Level 1 25 | . . 62 33 19 14 . . . . 27 22 91 Level 2 8 | . . 14 . . . . . . . 12 70 8 Level 3 . | . . . . . . . . . . . . . Level 4 . | . . . . . . . . . . . . . Level 5 . | . . . . . . . . . . . . . High Security . | . . . . . . . . . . . . . Max Security . | . . . . . . . . . . . . . Squads Dispatched 20 | . 2 . 2 1 2 . . . 2 7 2 2 Investigation 4 | . 1 . 1 1 1 . . . . . . . Extermination 2 | . . . . . . . . . . 2 . . Reinforcement 10 | . 1 . 1 . 1 . . . 2 2 1 2 Assault 1 | . . . . . . . . . . . 1 . Garrison 3 | . . . . . . . . . . 3 . . Intercept . | . . . . . . . . . . . . . Searches Triggered . | . . . . . . . . . . . . . Construction Impeded 1 | . . . . . . . . . . 1 . . Haulers Reinforced . | . . . . . . . . . . . . . Active Scanning Responses . | . . . . . . . . . . . . . Cargo Convoy Interrupts . | . . . . . . . . . . . . . Stealth | -11 -10 -10 -9 -9 -8 -8 -8 -6 -6 -5 -5 -4 --------- Run | Jun Mat Min Mat Min Mat Sto Rec Fac DSF Fac Ext Fac Distress Signals 7 | . 3 . 1 . 1 . . . . . 2 . Communications Jammed . | . . . . . . . . . . . . . Distress Signals . | . . . . . . . . . . . . . Times Spotted 160 | . 15 9 32 16 23 2 5 . 6 20 21 11 Peak Tracking Total 6 | . 4 3 5 3 4 1 2 . 5 6 5 5 Tactical Retreats 13 | . . . 1 5 . . . . 2 3 2 . Traps | -11 -10 -10 -9 -9 -8 -8 -8 -6 -6 -5 -5 -4 ------- Run | Jun Mat Min Mat Min Mat Sto Rec Fac DSF Fac Ext Fac Traps Triggered 4 | . . . 1 . 2 . . . . 1 . . Indirectly . | . . . . . . . . . . . . . Trap Hack Attempts . | . . . . . . . . . . . . . Triggered . | . . . . . . . . . . . . . Disarmed . | . . . . . . . . . . . . . Reprogrammed . | . . . . . . . . . . . . . Reused . | . . . . . . . . . . . . . Traps Extracted . | . . . . . . . . . . . . . Installed . | . . . . . . . . . . . . . Triggered . | . . . . . . . . . . . . . Machines | -11 -10 -10 -9 -9 -8 -8 -8 -6 -6 -5 -5 -4 ---------- Run | Jun Mat Min Mat Min Mat Sto Rec Fac DSF Fac Ext Fac Machines Disabled 30 | . 1 12 . . . . 1 . 1 3 5 7 Max in Single Turn 7 | . 1 7 . . . . 1 . 1 1 2 3 Energy Cycler 5 | . . . . . . . . . . . 5 . Machines Repaired . | . . . . . . . . . . . . . Machines Sabotaged . | . . . . . . . . . . . . . Overloaded Fab Kills . | . . . . . . . . . . . . . Hacking | -11 -10 -10 -9 -9 -8 -8 -8 -6 -6 -5 -5 -4 --------- Run | Jun Mat Min Mat Min Mat Sto Rec Fac DSF Fac Ext Fac Machines Accessed 35 | . 7 . 8 2 2 5 5 1 . . 5 . Terminals 30 | . 7 . 8 . 1 3 5 1 . . 5 . Fabricators . | . . . . . . . . . . . . . Repair Stations 3 | . . . . . 1 2 . . . . . . Recycling Units . | . . . . . . . . . . . . . Scanalyzers . | . . . . . . . . . . . . . Garrison Access . | . . . . . . . . . . . . . Total Hacks 86 | . 23 . 25 2 3 12 11 1 . . 9 . Successful 40 | . 8 . 12 2 2 8 4 1 . . 3 . Failed 46 | . 15 . 13 . 1 4 7 . . . 6 . Catastrophic 7 | . 2 . . . 1 . 2 . . . 2 . Database Lockouts . | . . . . . . . . . . . . . Manual 48 | . 16 . 22 . 1 5 3 . . . 1 . Terminals 75 | . 23 . 25 . 1 5 11 1 . . 9 . Fabricators . | . . . . . . . . . . . . . Repair Stations 9 | . . . . . 2 7 . . . . . . Recycling Units . | . . . . . . . . . . . . . Scanalyzers . | . . . . . . . . . . . . . Garrison Access . | . . . . . . . . . . . . . Terminal Hacks 23 | . 6 . 6 2 . 1 4 1 . . 3 . Robot Schematic 1 | . . . . . . . 1 . . . . . Robot Analysis 6 | . 2 . 4 . . . . . . . . . Open Door 5 | . . . . 2 . 1 . . . . 2 . Open DSF 1 | . . . . . . . . 1 . . . . Unreport Threat 4 | . . . 2 . . . 2 . . . . . Locate Traps 3 | . 3 . . . . . . . . . . . Recall Reinforcements 1 | . 1 . . . . . . . . . . . Hauler Manifests 1 | . . . . . . . 1 . . . . . Zone Layout 1 | . . . . . . . . . . . 1 . Fabricator Hacks . | . . . . . . . . . . . . . Repair Station Hacks 8 | . . . . . 2 6 . . . . . . Scan Component 4 | . . . . . 1 3 . . . . . . Repair 4 | . . . . . 1 3 . . . . . . Recycling Unit Hacks . | . . . . . . . . . . . . . Scanalyzer . | . . . . . . . . . . . . . Garrison Access Hacks . | . . . . . . . . . . . . . Unauthorized Hacks 9 | . 2 . 6 . . 1 . . . . . . Terminals 9 | . 2 . 6 . . 1 . . . . . . Assimilate 5 | . 1 . 3 . . 1 . . . . . . Botnet 4 | . 1 . 3 . . . . . . . . . Fabricators . | . . . . . . . . . . . . . Repair Stations . | . . . . . . . . . . . . . Recycling Units . | . . . . . . . . . . . . . Scanalyzers . | . . . . . . . . . . . . . Garrison Access . | . . . . . . . . . . . . . Data Cores Recovered . | . . . . . . . . . . . . . Used . | . . . . . . . . . . . . . Hacking Detections 30 | . 7 . 8 . 2 4 4 . . . 5 . Full Trace Events 1 | . 1 . . . . . . . . . . . Feedback Events . | . . . . . . . . . . . . . Feedback Blocked . | . . . . . . . . . . . . . Robot Schematics Acquired 1 | . . . . . . . 1 . . . . . Robots Built . | . . . . . . . . . . . . . Authchips . | . . . . . . . . . . . . . Time . | . . . . . . . . . . . . . Total Robot Build Rating . | . . . . . . . . . . . . . Part Schematics Acquired . | . . . . . . . . . . . . . Parts Built . | . . . . . . . . . . . . . Authchips . | . . . . . . . . . . . . . Time . | . . . . . . . . . . . . . Total Part Build Rating . | . . . . . . . . . . . . . Parts Repaired 4 | . . . . . 1 3 . . . . . . Time 140 | . . . . . 32 108 . . . . . . Parts Recycled . | . . . . . . . . . . . . . Recycled Matter . | . . . . . . . . . . . . . Retrieved Matter . | . . . . . . . . . . . . . Retrieved Components . | . . . . . . . . . . . . . Parts Scanalyzed . | . . . . . . . . . . . . . Part Schematics Acquired . | . . . . . . . . . . . . . Parts Damaged . | . . . . . . . . . . . . . Bothacking | -11 -10 -10 -9 -9 -8 -8 -8 -6 -6 -5 -5 -4 ------------ Run | Jun Mat Min Mat Min Mat Sto Rec Fac DSF Fac Ext Fac Used RIF Installer . | . . . . . . . . . . . . . Robots Hacked . | . . . . . . . . . . . . . Non-combat . | . . . . . . . . . . . . . Combat . | . . . . . . . . . . . . . Robot Hacks Applied . | . . . . . . . . . . . . . Relay Couplers Released . | . . . . . . . . . . . . . Fabnet Peak Effective % . | . . . . . . . . . . . . . Robots Rewired 19 | . . . . . . . 11 . . . 8 . Allies Hacked 1 | . . . . . . . . . . . 1 . Hacks Repelled . | . . . . . . . . . . . . . Allies | -11 -10 -10 -9 -9 -8 -8 -8 -6 -6 -5 -5 -4 -------- Run | Jun Mat Min Mat Min Mat Sto Rec Fac DSF Fac Ext Fac Total Allies 25 | . . 4 . 1 . 1 11 . . . 8 . Largest Group 12 | . . 4 4 1 . 1 12 12 12 . 5 2 Highest-Rated Group 184 | . . 71 71 31 . 10 184 184 184 . 171 52 Highest-Rated Ally 39 | . . 31 31 31 . 10 34 34 34 . 39 26 Total Orders . | . . . . . . . . . . . . . Ally Attacks 154 | . . 2 53 10 . . . . 12 . 52 25 Total Damage 2192 | . . 18 580 102 . . . . 200 . 972 320 Kills 26 | . . 1 11 2 . . . . . . 8 4 Allies Corrupted . | . . . . . . . . . . . . . Allies Melted 1 | . . . . . . . . . . . 1 . Intel | -11 -10 -10 -9 -9 -8 -8 -8 -6 -6 -5 -5 -4 ------- Run | Jun Mat Min Mat Min Mat Sto Rec Fac DSF Fac Ext Fac Robot Analysis Total 6 | . 2 . 4 . . . . . . . . . Derelict Logs Recovered 3 | . . 2 . 1 . . . . . . . . Drone Launches . | . . . . . . . . . . . . . Drone Recoveries . | . . . . . . . . . . . . . Exploration | -11 -10 -10 -9 -9 -8 -8 -8 -6 -6 -5 -5 -4 ------------- Run | Jun Mat Min Mat Min Mat Sto Rec Fac DSF Fac Ext Fac Turns Passed 9014 | 51 1004 1009 1349 970 1041 310 951 99 134 925 700 471 Spaces Moved 5226 | 44 419 540 836 703 654 142 540 64 63 561 379 281 Core 14 | 14 . . . . . . . . . . . . Treads 785 | . 287 267 126 10 . . . . . . . 95 Legs 2230 | . . . . . 629 142 540 64 63 339 379 74 Wheels 1863 | 30 132 273 710 693 25 . . . . . . . Hover 334 | . . . . . . . . . . 222 . 112 Flight . | . . . . . . . . . . . . . Fastest Speed 50 | 50 100 115 115 125 123 123 123 127 127 110 100 108 Average Speed 137 | 84 194 176 144 125 123 123 126 127 138 114 118 125 Slowest Speed 240 | 100 240 240 240 160 193 123 130 127 200 133 146 156 Overloaded Moves . | . . . . . . . . . . . . . Propulsion Burnouts . | . . . . . . . . . . . . . Robots Hopped . | . . . . . . . . . . . . . Cave-ins Triggered . | . . . . . . . . . . . . . Exploration Rate (%) 46 | 3 71 85 73 98 37 28 94 2 44 15 51 8 Regions Visited 12 Branch Regions 5 Pre-discovered Areas 1 | . . 1 . . . . . . . . . . Known Exits Taken 6 | . . . . 1 1 1 1 1 . . 1 . Unknown Exits Taken 5 | 1 1 1 1 . . . . . . 1 . . Scrap Searched 2 | . . 1 . 1 . . . . . . . . Spaces Dug 9 | . . . . . . . . . . 9 . . Terrain Destroyed 226 | . . 61 34 . 35 . . . . 28 19 49 Melee . | . . . . . . . . . . . . . Projectile 21 | . . . 2 . 1 . . . . 10 6 2 AOE 205 | . . 61 32 . 34 . . . . 18 13 47 Terrain Rammed . | . . . . . . . . . . . . . Walls Destroyed . | . . . . . . . . . . . . . Machines Disabled . | . . . . . . . . . . . . . Actions | -11 -10 -10 -9 -9 -8 -8 -8 -6 -6 -5 -5 -4 --------- Run | Jun Mat Min Mat Min Mat Sto Rec Fac DSF Fac Ext Fac Total 6515 | 55 561 575 920 757 800 264 781 82 82 777 529 332 Wait 513 | . 101 13 2 5 61 109 70 14 . 127 11 . Move 5214 | 43 418 539 835 702 653 141 539 63 62 560 378 281 Hop . | . . . . . . . . . . . . . Pick Up 69 | 6 5 3 11 11 8 1 3 2 3 12 3 1 Fast Attach 32 | 6 3 . 5 2 3 4 2 . . 2 2 3 Attach 35 | . . . 4 3 6 . 4 2 2 10 1 3 Detach 10 | . 2 . . 1 . . 4 . . 3 . . Swap 35 | . 4 5 9 1 10 1 . . 1 . 2 2 Drop 78 | . 4 2 19 12 13 2 10 1 . 8 4 3 Fire 347 | . 24 12 35 20 46 6 28 . 14 55 68 39 Melee . | . . . . . . . . . . . . . Ram 1 | . . 1 . . . . . . . . . . Kick . | . . . . . . . . . . . . . Crush . | . . . . . . . . . . . . . Escape Stasis . | . . . . . . . . . . . . . Rewire 181 | . . . . . . . 121 . . . 60 . Trap . | . . . . . . . . . . . . . Miscellaneous . | . . . . . . . . . . . . . Route ------- -11/Junkyard -10/Materials (discovered 3 exits: *Mat / [*Min x2]) -10/Mines (discovered 3 exits: *Mat x2 / [*Exi]) -9/Materials (discovered 4 exits: *Mat x3 / *Min) -9/Mines (discovered 3 exits: *Mat x2 / [*Zio]) -8/Materials (discovered 2 exits: *Fac / *Sto) -8/Storage -8/Recycling -6/Factory -6/DSF -5/Factory -5/Extension -4/Factory History --------- Turn | Location | Event 11 | -11/Junkyard | Discovered new exit (range 16) 52 | -11/Junkyard | Entered Materials 144 | -10/Materials | Discovered new exit (range 9) 220 | -10/Materials | Discovered new exit (range 10) 316 | -10/Materials | Build established: Mutant 773 | -10/Materials | Discovered new exit (range 10) 1056 | -10/Materials | Entered Mines 1282 | -10/Mines | Discovered new exit (range 13) 1452 | -10/Mines | Learned location of 1 exit from Materials 1596 | -10/Mines | Deemed a non-threat by the Exiles lab entrance 1596 | -10/Mines | Discovered new exit (range 5) 1780 | -10/Mines | Discovered new exit (range 5) 1861 | -10/Mines | Assisted by bots powering up and referring to "LRC-V3" 2023 | -10/Mines | Received a Mining Laser from a helpful Derelict 2065 | -10/Mines | Entered Materials 2065 | -9/Materials | Accompanied by 4 allies 2065 | -9/Materials | Evolved 2 slots: Utility x2 2066 | -9/Materials | Identified exit to Materials 2684 | -9/Materials | Discovered exit to Materials (range 15) 3010 | -9/Materials | Discovered exit to Materials (range 16) 3229 | -9/Materials | Discovered new exit (range 7) 3414 | -9/Materials | Entered Mines 3414 | -9/Mines | Accompanied by 1 ally 3416 | -9/Mines | Met a Derelict bent on vengeance 3418 | -9/Mines | Found the Drone Emporium 3469 | -9/Mines | A Derelict revealed a hidden shortcut to a safe place 3544 | -9/Mines | Assembled infested the area 3549 | -9/Mines | Assisted by a Guerilla fighting off Assembled 3566 | -9/Mines | Met a Derelict testing a Signal Generator 3691 | -9/Mines | Received a Rocket Launcher from a helpful Derelict 3713 | -9/Mines | Build established: Scavenger-Mutant 3870 | -9/Mines | Learned Materials non-interactive machine intel 3948 | -9/Mines | A weapon hastily lodged in a ceiling crevice suddenly fell to the ground 4285 | -9/Mines | Met a Derelict shopkeep closing up shop 4361 | -9/Mines | Discovered exit to Materials (range 11) 4373 | -9/Mines | Discovered exit to Materials (range 8) 4384 | -9/Mines | Entered Materials 4384 | -8/Materials | Evolved 2 slots: Propulsion x1, Utility x1 4385 | -8/Materials | Loaded intel: 42 non-interactive machine locations 4748 | -8/Materials | Discovered new exit (range 15) 4893 | -8/Materials | Repaired Med. Armor Plating 5070 | -8/Materials | Discovered new exit (range 9) 5239 | -8/Materials | Identified exit to Factory 5424 | -8/Materials | Identified exit to Storage 5425 | -8/Materials | Entered Storage 5475 | -8/Storage | Repaired Rocket Launcher 5656 | -8/Storage | Repaired Rnf. Deuterium Engine 5690 | -8/Storage | Repaired Med. Armor Plating 5721 | -8/Storage | Used back door to open Recycling access 5721 | -8/Storage | Discovered new exit (range 3) 5734 | -8/Storage | Identified exit to Recycling 5735 | -8/Storage | Entered Recycling 5735 | -8/Recycling | Accompanied by 1 ally 5738 | -8/Recycling | Found Scrap Engine 6052 | -8/Recycling | Build established: Mutant 6133 | -8/Recycling | Discovered new exit (range 15) 6652 | -8/Recycling | Identified exit to Factory 6686 | -8/Recycling | Entered Factory 6686 | -6/Factory | Accompanied by 12 allies 6686 | -6/Factory | Evolved 4 slots: Power x1, Propulsion x1, Utility x1, Weapon x1 6772 | -6/Factory | Identified exit to DSF 6778 | -6/Factory | Build established: Commander-Mutant 6785 | -6/Factory | Entered DSF 6785 | -6/DSF | Accompanied by 12 allies 6814 | -6/DSF | Discovered new exit (range 11) 6817 | -6/DSF | Additional patrols routed to DSF 6919 | -6/DSF | Entered Factory 6919 | -5/Factory | Evolved 2 slots: Propulsion x1, Utility x1 7152 | -5/Factory | Build established: Mutant 7306 | -5/Factory | Garrison activated, responded to threat 7467 | -5/Factory | Build established: Construct 7550 | -5/Factory | Lost 4 parts (2n1u1w) 7812 | -5/Factory | Build established: Mutant 7834 | -5/Factory | Discovered new exit (range 9) 7844 | -5/Factory | Entered Extension 7931 | -5/Extension | Energy Cycler disabled 7931 | -5/Extension | Rescued a captive Derelict 7931 | -5/Extension | Rescued a captive Derelict 7933 | -5/Extension | Rescued a captive Derelict 7934 | -5/Extension | Rescued a captive Derelict 7934 | -5/Extension | Rescued a captive Derelict 7936 | -5/Extension | Rescued a captive Derelict 7937 | -5/Extension | Rescued a captive Derelict 7937 | -5/Extension | Rescued a captive Derelict 7941 | -5/Extension | Rescued a captive Derelict 7943 | -5/Extension | Rescued a captive Derelict 7945 | -5/Extension | Rescued a captive Derelict 8145 | -5/Extension | P-70 Sage assimilated allied 1N-J8N(g) 8281 | -5/Extension | Spotted B-75 Beast 8285 | -5/Extension | Spotted B-75 Beast 8286 | -5/Extension | Extracted ID and sensor layout for unrecognized location from A7's data core 8301 | -5/Extension | Core integrity fell below 50% 8305 | -5/Extension | Allies destroyed B-75 Beast 8318 | -5/Extension | Allies destroyed B-75 Beast 8326 | -5/Extension | Discovered new exit (range 14) 8349 | -5/Extension | Lost 6 parts (1p2n3w) 8444 | -5/Extension | First assault squad dispatched 8541 | -5/Extension | Identified exit to Factory 8544 | -5/Extension | Entered Factory 8544 | -4/Factory | Accompanied by 2 allies 8544 | -4/Factory | Evolved 2 slots: Utility x2 8820 | -4/Factory | Found Quantum Capacitor 8835 | -4/Factory | Build established: Scavenger-Skirmisher 9015 | -4/Factory | Self-destructed Last Messages --------------- 08997_ X-82 Rainmaker knocked back. 08997_ Knocked back. 08997_ R-10 Processor collects VTOL Module. 08999_ Hyp. Gauss Cannon destroyed. 08999_ Knocked back. 08999_ Hyp. Accelerated Caster Construct/G destroyed. 08999_ Arm. Scrap Engine damaged due to network destabilization (-10). 08999_ Destroyed Hyp. Accelerated Caster Construct/G. 09000_ Knocked back. 09003_ X-82 Rainmaker knocked back. 09005_ U-05 Engineer builds a Wall. 09005_ Knocked back. 09006_ Acquired 24 matter. 09007_ U-05 Engineer destroyed. 09011_ X-82 Rainmaker destroyed. 09012_ Rocket Launcher destroyed. 09014_ Slug penetrates Subcomponent Replicator. 09014_ Penetrated by Slug. 09015_ Adv. Sensor Array destroyed. 09015_ Knocked back. Map ----- +----------------------------------------------------+ | ?#?""""""" # ###????????????????? | | ?# """"""" # # #????#???????????? | | ?# # % # ????????????????? | | ?# """"""" # # ###??????????????? | | ?# """"""" + # #????#???????????? | | ?#??"""""" # # #???????? ???????? | | ????"""""" # ###########????????? | | ????? ### ####### # #????????? | | #??? #?# #?##### # #????????? | | ???##############+####?## # """""" #???????"? | | ??????# "##### # """""" #????????? | | ??????# / # """""" #????????? | | ??????# ###### # """""" #???????#? | | ????#?# #?#??# # #????????? | | ???? ?# #????# A # #?????##?? | | ???# ?# """" """" ##?### ###+###########T ### | | ???# ?# """" """" ###### | | ???# ?? """" """" + % | | ???# ## """" """" # % | | #### #? """" """" # "" " % | | ! # ## """" """" # " "" % h | | # ## # "" " " " =###+######### | | # ########+###### " " # #?# | | # "T = ##? | | # "" ! #?? | | + "" @ ! #?? | | ! # R != ! #?? | | # %% = #?? | | # ###+############## # !x=! #?? | | #### #? ????????????##### !*% ##? | | #? ????""????#?????## #*### #####?? | | #"" "???????????##?????###%#????#??????? | | #"Y "?????????#????#??#??# #???????????? | | #"" ""???????????????????#%/???????????? | | # ??? ????Y??????????#%#? ?????????# | | #####+##########?????????????????#?? #??#????????? | | ??????????? ???????????????????????? #???????????? | | ???????? ?????#????????????????????? ????????#???? | | ?????????????????????????????? ?????"????????????? | | ????? ??? ??????????????????????+?? ????????????? | | ?????????????????#???????????? ??? ??????????????? | | ?????????????????????????????????????????????????? | | ????"????????????????????????????????????????????? | | ?????????????????????????????????????????????????? | | ?????????????????????????????????????????????????? | | ?????????????????????????????????????????????????? | | ?????????????????????????????????????????????????? | | ?????????????????????????????????????????????????? | | ?????????????????????????????????????????????????? | | ?????????????????????????????????????????????????? | +----------------------------------------------------+ Best States ------------- Heat Dissipation 62 Energy Generation 31 Energy Capacity 702 Matter Stores 300 Matter Capacity 300 Sight Range 16 Robot Scan Range 16 Terrain Scan Range 16 Terrain Scan Density 10 Armor Coverage 450 Power Shielding 33 Weapon Cycling 20 Evasion (%) 60 Targeting Accuracy 5 Target Analysis 5 Recoil Reduction 3 Particle Charging 20 Item Schematics ----------------- None Robot Schematics ------------------ O-24 Administrator | -8/Recycling | Hacked Fabricated ------------ Nothing Alien Tech Used ----------------- None Achievements -------------- None Challenges ------------ None Game ------ Seed FusionFireGun Manual? 0 Play Time 01:21:03 Cumulative 109.0 hours Start 2023.07.07 @ 22:32:07 End 2023.07.07 @ 23:51:36 Sessions 1 Manual Loads 0 Difficulty Rogue Special Mode None Game No. 100 Rogue 100 Adventurer 0 Explorer 0 Win Type - Total 1 Types 1/0/0/0/0/0/0/0/0 Lore% 42 Gallery% 48 Achievement% 36 Wizard Run 0 Options --------- ASCII 0 Keyboard 0 Movement Numpad Keybinds 0 Fullscreen 1 Font 18/SmallcapsGlow Map View 76x50 Tactical HUD 1 Map Filters NONE Filters NONE Steam 1 RUN: fabc1b42-71a7-4553-8c3b-4ebdd4b00964